 Dungeon Crawl Stone Soup version 0.28-a0-410-gbef64dd269 (webtiles) character file.

Game seed: 17751393757712810416

560 ytrimaz the Insei (level 7, -2/69 HPs)
             Began as an Octopode Transmuter on Sept 6, 2021.
             Succumbed to a gnoll sergeant's poison
             ... on level 5 of the Dungeon.
             The game lasted 00:07:02 (4884 turns).

ytrimaz the Insei (Octopode Transmuter)             Turns: 4884, Time: 00:07:03

Health: -2/69      AC: 23    Str: 10    XL:     7   Next: 31%
Magic:  9/12       EV:  2    Int: 16    God:
Gold:   226        SH:  0    Dex: 13    Spells: 6/12 levels left

rFire   . . .      SeeInvis +     - Unarmed
rCold   . . .      Faith    .   (no shield)
rNeg    + + +      Spirit   .   (helmet currently unavailable)
rPois   +          Reflect  .   (no amulet)
rElec   .          Harm     .   a - ring of poison resistance
rCorr   .          Rampage  .   h - ring of see invisible
Will    .....      NoTele   +   (no ring)
Stlth   +.........              (no ring)
HPRegen 0.21/turn               (no ring)
MPRegen 0.13/turn               (no ring)
                                (no ring)
                                (no ring)

@: mighty, lethally poisoned (-2 -> -18), tree-form
A: stationary, stasis, torment immunity, boosted hp, almost no armour,
(amphibious), 8 rings, (camouflage 1), (gelatinous body 1), (nimble swimmer 1),
(tentacles)
a: no special abilities


You were on level 5 of the Dungeon.
You were a tree.
You visited 1 branch of the dungeon, and saw 5 of its levels.

You collected 226 gold pieces.

Inventory:

Missiles
 i - a throwing net
Jewellery
 a - a ring of poison resistance (left branch)
 h - a ring of see invisible (right branch)
 l - a ring of fire
Scrolls
 j - a scroll of teleportation
 k - 2 scrolls of enchant armour {unknown}
Potions
 b - a potion of lignification
 e - a potion of berserk rage {unknown}
 f - 2 potions of ambrosia {unknown}
 g - a potion of brilliance {unknown}


   Skills:
 * Level 3.0 Fighting
 - Level 2.0 Dodging
 + Level 5.3 Unarmed Combat
 + Level 3.3 Spellcasting
 * Level 4.4 Transmutations
 + Level 1.5 Poison Magic


You had 6 spell levels left.
You knew the following spells:

 Your Spells              Type           Power      Damage    Failure   Level
a - Beastly Appendage     Tmut           32%        N/A       3%          1
b - Wereblood             Tmut           16%        N/A       4%          2
c - Spider Form           Tmut/Pois      6%         N/A       16%         3

Your spell library contained the following spells:

 Spells                   Type           Power      Damage    Failure   Level
 Blink                    Tloc           N/A        N/A       26%         2
 Sublimation of Blood     Necr           1%         N/A       26%         2
 Lesser Beckoning         Tloc           2%         N/A       47%         3
 Ozocubu's Armour         Ice            2%         N/A       47%         3
 Ice Form                 Ice/Tmut       9%         N/A       58%         4
 Manifold Assault         Tloc           2%         N/A       99%         5
 Ozocubu's Refrigeration  Ice            1%         4d5       100%        7
 Summon Hydra             Summ           1%         N/A       100%        7


Dungeon Overview and Level Annotations

Branches:
Dungeon (5/15)
 Temple: D:4-7

Altars:
Ashenzari
Uskayaw
Vehumet

Annotations:
D:4 2 transporters, timneilson's ghost, novice GrFi


Innate Abilities, Weirdness & Mutations

You are a tree.
Your roots penetrate the ground, keeping you stationary.
You cannot be teleported.
You are immune to unholy pain and torment.
Your maximum health is greatly increased.
You cannot wear most types of armour.
((You are amphibious.))
You can wear up to eight rings at the same time.
((Your skin changes colour to match your surroundings (Stealth+).))
((Your rubbery body absorbs attacks. (AC +1, EV +1)))
((You are camouflaged near water. (Stealth+)))
((You have tentacles for arms and can constrict up to eight enemies at once.))


Message History

The gnoll shaman misses you.
You hit the gnoll shaman.
The gnoll shaman looks as sick as possible!
The gnoll shaman is severely wounded.
The gnoll shaman misses you.
You hit the gnoll shaman but do no damage.
The gnoll shaman looks as sick as possible!
The gnoll shaman is almost dead.
The gnoll shaman misses you.
You bite the gnoll shaman!
You kill the gnoll shaman!
Items here: )) [ †.
You start resting.
A gnoll sergeant comes into view. It is wielding a +2 spear of venom.
A gnoll sergeant is nearby!
The gnoll sergeant closely misses you.
The gnoll sergeant hits you with a +2 spear of venom!
You are lethally poisoned!
You hit the gnoll sergeant.
The gnoll sergeant is poisoned.
The gnoll sergeant is moderately wounded.
Your transformation is almost over.
* * * LOW HITPOINT WARNING * * *
You feel very sick.
The gnoll sergeant hits you with a +2 spear of venom.
* * * LOW HITPOINT WARNING * * *
You are more poisoned.
Really quaff the potion of lignification?
Your transformation has ended.
You turn into a tree.
Your roots penetrate the ground.
* * * LOW HITPOINT WARNING * * *
You feel very sick.
The gnoll sergeant hits you but does no damage.
Unknown command.
It was a potion of might.
You feel very mighty all of a sudden.
* * * LOW HITPOINT WARNING * * *
You feel very sick.
The gnoll sergeant hits you but does no damage.
It was a potion of flight.
Your roots keep you in place.
You die...

#..... ##.. ##.....##.
...... .##......<.
......
..........####...#
...........##...#
...............#
...............##
..........).....##
..............♣g.##
.....................#
....................##
........)...........##
>..........)..####...##
...##........## ....##.
..# ##....#...###
....... ..
##..####....#...#.#.
#.....#.##.........


You could see a gnoll sergeant (very poisoned).

Vanquished Creatures
  A black bear (D:4)
  An ice beast (D:4)
  2 gnoll shamans
  2 hounds (D:5)
  2 iguanas
  An orc wizard (D:3)
  A hound skeleton (D:4)
  3 adders
  6 gnolls
  An adder skeleton (D:4)
  A worm (D:5)
  A dart slug (D:1)
  12 orcs
  8 endoplasms
  3 giant cockroaches
  5 hobgoblins
  3 jackals (D:3)
  A quokka (D:3)
  4 ball pythons
  3 bats (D:3)
  6 frilled lizards
  9 goblins
  5 kobolds
  5 rats
86 creatures vanquished.

Vanquished Creatures (others)
  3 plants (D:2)
3 creatures vanquished.

Grand Total: 89 creatures vanquished

Notes
Turn   | Place    | Note
-------+----------+-------------------------------------------
     0 | D:1      | ytrimaz the Octopode Transmuter began the quest for the
                  | Orb.
     0 | D:1      | Reached XP level 1. HP: 13/13 MP: 3/3
   313 | D:1      | Reached XP level 2. HP: 18/18 MP: 5/5
   831 | D:1      | Learned a level 2 spell: Wereblood
  1250 | D:2      | Reached XP level 3. HP: 16/23 MP: 4/6
  2700 | D:3      | Reached XP level 4. HP: 27/29 MP: 7/7
  2725 | D:3      | Found a faded altar of an unknown god.
  3037 | D:4      | Found a large runed translucent door.
  3038 | D:4      | Found a large runed translucent door.
  3180 | D:4      | Learned a level 3 spell: Spider Form
  3196 | D:4      | Noticed timneilson's ghost (novice GrFi)
  3203 | D:4      | Found a transporter.
  3222 | D:4      | Noticed a black bear
  3244 | D:4      | Killed a black bear
  3245 | D:4      | Reached skill level 4 in Unarmed Combat
  3245 | D:4      | Reached XP level 5. HP: 24/35 MP: 5/9
  3360 | D:4      | Found a transporter.
  3384 | D:4      | Noticed an ice beast
  3395 | D:4      | Killed an ice beast
  3396 | D:4      | Reached XP level 6. HP: 41/41 MP: 6/10
  3423 | D:4      | Found a hide-covered altar of Uskayaw.
  3444 | D:4      | Reached skill level 1 in Poison Magic
  4289 | D:4      | Reached skill level 5 in Unarmed Combat
  4558 | D:4      | Found a radiant altar of Vehumet.
  4570 | D:4      | Found a broken altar of Ashenzari.
  4601 | D:5      | Entered Level 5 of the Dungeon
  4738 | D:5      | Reached XP level 7. HP: 40/45 MP: 8/11
  4883 | D:5      | HP: 2/69 [poisoned by a gnoll sergeant]
  4884 | D:5      | Succumbed to a gnoll sergeant's poison

Illustrated notes

Levels and vault maps discovered:
D:1:      dpeg_arrival_concentric_ovals, layout_basic
D:2:      layout_rooms, grunt_decor_clamped,
          hangedman_abyss_or_decor_lesser_grid, chequers_jeans,
          serial_bayou_ford_a
D:3:      layout_loops_corners, hellmonk_ecumenical_altar_slurped_away,
          minmay_quantized
D:4:      layout_basic, lemuel_round_altar, jmf_multi_god_temple2,
          gammafunk_ghost_stat_death
D:5:      layout_cave_pools, nicolae_wu_jian_wuxing_cycle, serial_gnoll_camp,
          gnoll_camp_huts_basic, gnoll_camp_mini_sergeant, gnoll_camp_mini_hut,
          gnoll_camp_medium_01, uniq_crazy_yiuf_cottage

Skill      XL: |  1  2  3  4  5  6  7 |
---------------+----------------------+-----
Transmutations | 3 4 |  4.4
Fighting       | 2 3 |  3.0
Unarmed Combat | 4 5 |  5.3
Spellcasting   | 3 |  3.3
Poison Magic   | 1 |  1.5
Dodging        | |  2.0

Action                   |  1- 3 |  4- 6 |  7- 9 || total
-------------------------+-------+-------+-------++-------
Melee: Unarmed           |    92 |   102 |    31 ||   225
       Constrict         |    20 |    18 |     1 ||    39
       Tentacles         |    14 |    10 |     2 ||    26
       Punch             |     2 |       |     1 ||     3
       Kick              |     6 |     5 |       ||    11
 Cast: Beastly Appendage |    17 |     7 |       ||    24
       Spider Form       |       |    10 |     4 ||    14
  Use: Scroll            |     2 |     2 |       ||     4
       Potion            |       |       |     3 ||     3
 Stab: Sleeping          |     8 |     2 |       ||    10
Armor: Skin              |     9 |     5 |     2 ||    16
Dodge: Dodged            |    56 |    79 |    23 ||   158

Table legend: (Time is in decaauts)
 A = Elapsed time spent in this place.
 B = Non-inter-level travel time spent in this place.
 C = Inter-level travel time spent in this place.
 D = Time resting spent in this place.
 E = Time spent auto-exploring this place.
 F = Levels seen in this place.
 G = Mean time per level.
                   A        B        C        D        E       F      G
               +--------+--------+--------+--------+--------+-----+--------+
         Total |   4869 |   4771 |     98 |   1273 |   2604 |   5 |  973.8 |
       Dungeon |   4869 |   4771 |     98 |   1273 |   2604 |   5 |  973.8 |
               +--------+--------+--------+--------+--------+-----+--------+

Top non-repeatable levels by time:
     D:3: 1659 daAuts
     D:4: 1426 daAuts
     D:1: 845 daAuts
     D:2: 773 daAuts
     D:5: 165 daAuts
